 Dungeon Crawl Stone Soup version 0.29.1-12-g30fa7ad0bf (webtiles) character file.

Game seed: 6500579140185227783

14256 cheesebisquit the Severer (level 11, -1/92 HPs)
             Began as a Minotaur Berserker on Dec 28, 2022.
             Was a Priest of Trog.
             Succumbed to an orc warrior's poison
             ... on level 9 of the Dungeon.
             The game lasted 00:35:13 (7388 turns).

cheesebisquit the Severer (Minotaur Berserker)      Turns: 7388, Time: 00:35:14

Health: -1/92      AC: 15    Str: 26    XL:     11   Next: 86%
Magic:  10/10      EV: 11    Int:  4    God:    Trog [***...]
Gold:   431        SH: 19    Dex: 10    Spells: 10/10 levels left

rFire   . . .      SeeInvis .   a - +2 hand axe (freeze)
rCold   + . .      Faith    .   w - +2 tower shield
rNeg    . . .      Spirit   .   n - +0 chain mail
rPois   .          Reflect  .   (helmet restricted)
rElec   .          Harm     .   j - +2 cloak
rCorr   .          Rampage  .   D - +0 pair of gloves
Will    .....                   (no boots)
Stlth   ..........              (no amulet)
HPRegen 0.25/turn               i - ring of protection from cold
MPRegen 0.12/turn               v - +4 ring of evasion

@: lethally poisoned (-1 -> -10), about to teleport, on berserk cooldown, hasted
and slowed
A: horns 2, retaliatory headbutt
a: Renounce Religion, Berserk, Trog's Hand


You were on level 9 of the Dungeon.
You worshipped Trog.
Trog was most pleased with you.
You visited 1 branch of the dungeon, and saw 9 of its levels.

You collected 431 gold pieces.

Inventory:

Hand Weapons
 a - a +2 hand axe of freezing (weapon)
 b - a +0 sling
 C - a +2 flail of protection
Missiles
 m - 12 poisoned darts (quivered)
 J - a curare-tipped dart
Armour
 c - a +0 animal skin
 j - a +2 cloak (worn)
 n - a +0 chain mail (worn)
 r - a +0 scale mail
 w - a +2 tower shield (worn)
 D - a +0 pair of gloves (worn)
 G - a +0 ring mail
Jewellery
 i - a ring of protection from cold (left hand)
 v - a +4 ring of evasion (right hand)
 E - a +6 ring of intelligence
 N - a +6 ring of dexterity
Wands
 f - a wand of charming (10)
 t - a wand of flame (37)
 K - a wand of mindburst (11)
Scrolls
 d - a scroll of fear {unknown}
 e - a scroll of butterflies
 h - 2 scrolls of enchant weapon
 p - 3 scrolls of teleportation
 s - a scroll of blinking {unknown}
 x - a scroll of magic mapping
 y - a scroll of poison {unknown}
 O - a scroll of enchant armour {unknown}
Potions
 g - 4 potions of mutation
 k - a potion of degeneration {unknown}
 l - 2 potions of attraction
 o - a potion of brilliance {unknown}
 q - 3 potions of ambrosia
 z - 3 potions of flight {unknown}
 A - 3 potions of curing
 B - a potion of cancellation {unknown}
 F - a potion of invisibility
 H - 3 potions of lignification {unknown}
 I - a potion of berserk rage {unknown}
 L - a potion of haste
 M - a potion of heal wounds {unknown}


   Skills:
 + Level 7.2 Fighting
 + Level 15.9 Axes
 + Level 6.7 Armour
 - Level 2.4 Dodging
 + Level 14.4 Shields


You had 10 spell levels left.
You didn't know any spells.
Your spell library was empty.

Dungeon Overview and Level Annotations

Branches:
Dungeon (9/15)             Temple (0/1) D:6             Orc (0/2) D:9
   Lair: D:8-11

Altars:
Qazlal
Uskayaw
Wu Jian
Zin

Shops:
D:1 [   D:3 [   D:5 *   D:9 ((


Innate Abilities, Weirdness & Mutations

You have a pair of horns on your head.
You reflexively headbutt those who attack you in melee.


Message History

You kill the orc warrior!
Trog accepts your kill.
You hit the orc warrior but do no damage.
You block the orc's attack. You block the orc warrior's attack.
The orc warrior hits you with a +1 halberd of venom.
You are poisoned.
You completely miss the orc warrior.
You headbutt the orc warrior, but do no damage.
The orc warrior is severely wounded.
You feel very sick.
You barely miss the orc warrior.
The orc warrior is severely wounded.
You feel sick. You block the orc's attack. You block the orc warrior's attack.
You barely miss the orc warrior. Your headbutt misses the orc warrior.
The orc warrior is severely wounded.
You hit the orc warrior. You freeze the orc warrior.
Your skin stops crawling.
You feel less strong-willed.
You feel sick. You block the orc's attack. You block the orc warrior's attack.
The orc warrior hits you but does no damage.
The orc warrior hits you with a +0 glaive!
* * * LOW HITPOINT WARNING * * *
As you read the scroll of teleportation, it crumbles to dust.
You feel strangely unstable.
You feel sick. You block the orc's attack. You block the orc warrior's attack.
The orc warrior hits you with a +1 halberd of venom.
* * * LOW HITPOINT WARNING * * *
You are lethally poisoned!
You block the orc warrior's attack.
The orc warrior attacks as you move away!
The orc warrior misses you. You furiously retaliate!
You headbutt the orc warrior.
* * * LOW HITPOINT WARNING * * *
You feel very sick.
The orc warrior hits you from afar with a +1 halberd of venom.
* * * LOW HITPOINT WARNING * * *
You block the orc warrior's attack.
Okay, then.
* * * LOW HITPOINT WARNING * * *
You feel sick.
You die...

#. .........# #.
#.......<# #.
#........# #.
#........# .
#.###........# ...
#............#
.....#............#
......oo..........#
.
#####8o8##@.......#
.
.8oooo.o###......#
. ../.oooo.#
#......# .._..⌠o..#
#.####.# .........#
#......# ..>......#
#......# .
############......#
........# #.......#
........# #.#.....#


You could see 2 orc warriors.

Vanquished Creatures
  A hornet (D:8)
  Grinder (D:4)
  A vampire (D:9)
  4 yaks (D:8)
  A steam dragon (D:8)
  4 water moccasins
  An acid dragon (D:8)
  A sky beast (D:7)
  2 ice beasts
  2 orc warriors
  3 black bears
  2 ogres
  A centaur (D:6)
  A kobold brigand (D:7)
  The ghost of vlino the Sneak, an amateur SpEn of Cheibriados (D:3)
  A bullfrog (D:7)
  A scorpion (D:5)
  3 wights (D:8)
  12 killer bees
  An electric eel (D:9)
  A howler monkey (D:8)
  A gnoll bouda (D:5)
  2 jellies (D:7)
  2 orc priests
  8 hounds
  Natasha (thrice) (D:3)
  An iguana (D:5)
  7 orc wizards
  A mummy (D:4)
  21 gnolls
  14 adders
  A white imp (D:6)
  2 worms
  3 dart slugs
  23 orcs
  7 ball pythons
  12 endoplasms
  3 giant cockroaches
  12 goblins
  3 hobgoblins
  6 quokkas
  7 bats
  2 frilled lizards
  19 kobolds
  A kobold zombie (D:4)
  An orc zombie (D:4)
  6 rats
213 creatures vanquished.

Notes
Turn   | Place    | Note
-------+----------+-------------------------------------------
     0 | D:1      | cheesebisquit the Minotaur Berserker began the quest for
                  | the Orb.
     0 | D:1      | Reached XP level 1. HP: 19/19 MP: 0/0
    84 | D:1      | Reached XP level 2. HP: 20/27 MP: 1/1
   212 | D:1      | Reached skill level 4 in Axes
   315 | D:1      | Reached XP level 3. HP: 25/33 MP: 2/2
   391 | D:1      | Found Qidier's Armour Shoppe.
   481 | D:1      | Reached ** piety under Trog
   498 | D:1      | Reached skill level 5 in Axes
   888 | D:2      | You fall into a shaft and drop 2 floors!
   894 | D:3      | Found Icohoog's Armour Emporium.
   934 | D:3      | Found a glowing silver altar of Zin.
  1009 | D:3      | Reached XP level 4. HP: 36/40 MP: 3/3
  1064 | D:3      | Noticed Natasha
  1068 | D:3      | Killed Natasha
  1069 | D:3      | Reached skill level 6 in Axes
  1081 | D:3      | Noticed Natasha
  1087 | D:3      | Killed Natasha
  1145 | D:3      | Reached XP level 5. HP: 27/46 MP: 4/4
  1200 | D:3      | Noticed Natasha
  1207 | D:3      | Killed Natasha
  1395 | D:3      | Found a runed translucent door.
  1395 | D:3      | Noticed vlino's ghost (amateur SpEn)
  1514 | D:3      | Found a faded altar of an unknown god.
  1599 | D:3      | Killed vlino's ghost
  1600 | D:3      | Reached skill level 7 in Axes
  1839 | D:2      | Reached XP level 6. HP: 52/52 MP: 5/5
  2167 | D:4      | Reached skill level 8 in Axes
  2254 | D:4      | Reached skill level 9 in Axes
  2802 | D:4      | Reached XP level 7. HP: 58/58 MP: 6/6
  2815 | D:4      | Found a large runed translucent door.
  2819 | D:4      | Found a large runed translucent door.
  3066 | D:4      | Noticed Grinder
  3066 | D:4      | Paralysed by Grinder for 5 turns
  3087 | D:4      | Paralysed by Grinder for 2 turns
  3092 | D:4      | Killed Grinder
  3093 | D:4      | Reached skill level 10 in Axes
  3404 | D:4      | Found a hide-covered altar of Uskayaw.
  3427 | D:4      | Found an ornate altar of the Wu Jian Council.
  3466 | D:5      | Entered Level 5 of the Dungeon
  3712 | D:5      | Reached skill level 11 in Axes
  3941 | D:5      | Reached XP level 8. HP: 66/66 MP: 7/7
  4190 | D:5      | Reached skill level 12 in Axes
  4392 | D:5      | Found Exoyhudgh's Serpentskin Sales.
  4411 | D:5      | Reached skill level 13 in Axes
  4734 | D:6      | Found a staircase to the Ecumenical Temple.
  4860 | D:6      | Reached skill level 14 in Axes
  4903 | D:6      | Found a stormy altar of Qazlal.
  4905 | D:6      | Noticed an air elemental
  4958 | D:6      | Reached XP level 9. HP: 71/71 MP: 8/8
  5452 | D:7      | Reached *** piety under Trog
  5490 | D:7      | Reached XP level 10. HP: 75/78 MP: 9/9
  5594 | D:7      | Identified the +9 rapier "Nama" {vorpal, Will+}
  6156 | D:8      | Reached skill level 15 in Axes
  6960 | D:8      | Identified the +7 long sword of Arphu {spect, rF+ Dex+3}
  7028 | D:9      | Found Athuq's Weapon Emporium.
  7029 | D:9      | Found Fogo's Weapon Emporium.
  7198 | D:9      | Reached skill level 5 in Fighting
  7347 | D:9      | Found a staircase to the Orcish Mines.
  7375 | D:9      | Reached XP level 11. HP: 48/92 MP: 10/10
  7386 | D:9      | HP: 4/92 [orc warrior/+1 halberd of venom (5)]
  7388 | D:9      | Succumbed to an orc warrior's poison

Illustrated notes

Levels and vault maps discovered:
D:1:      evilmike_arrival_crescent, layout_loops_ring, serial_shops, shop
D:2:      layout_basic
D:3:      layout_rooms, mainiacjoe_overflow_chevrons, serial_shops, shop,
          hellmonk_ghost_happy_afterlife, chequers_ecumenical_altar_simple,
          uniq_natasha
D:4:      layout_layer_cave, jmf_multi_god_temple2, nicolae_ossuary_entry_giza,
          uniq_grinder
D:5:      layout_rooms, guppyfry_shop_venom
D:6:      layout_loops_ring, nicolae_qazlal_style_of_elements,
          minmay_temple_entry_tees, minivault_24
D:7:      layout_basic
D:8:      layout_gridville
D:9:      layout_stronghold, david_orc_5, nicolae_wooded_promenade,
          chequers_serial_rivers_micro_b

Skill      XL: |  1  2  3  4  5  6  7  8  9 10 |
---------------+-------------------------------+-----
Axes           | 4 5 6 7 9 11 14 15 | 15.9
Shields        | 13 14 | 14.4
Fighting       | 7 |  7.2
Armour         | 6 |  6.7
Dodging        | |  2.4

Action                   |  1- 3 |  4- 6 |  7- 9 | 10-12 || total
-------------------------+-------+-------+-------+-------++-------
Melee: Hand axe          |    62 |   128 |   260 |   158 ||   608
       Headbutt          |     6 |    21 |    39 |    26 ||    92
       Punch             |       |     1 |       |       ||     1
Invok: Trog's Hand       |       |     5 |     7 |     6 ||    18
       Berserk           |       |     5 |     5 |     4 ||    14
  Use: Scroll            |       |     1 |     8 |     1 ||    10
       Potion            |       |       |     1 |     2 ||     3
 Stab: Distracted        |       |       |     1 |       ||     1
Armor: Animal skin       |    16 |    11 |       |       ||    27
       Chain mail        |       |    55 |   150 |    31 ||   236
Dodge: Dodged            |    53 |    60 |    84 |    34 ||   231
Block: Tower shield      |       |       |   182 |   153 ||   335
